 Dungeon Crawl Stone Soup version 0.27.1 (webtiles) character file.

Game seed: 4350815493858139978

18 chaosape the Conjurer (level 2, -1/23 HPs)
             Began as a Gnoll Wanderer on Sept 5, 2021.
             Frozen to death by an endoplasm (3 damage)
             ... on level 1 of the Dungeon.
             The game lasted 00:02:13 (755 turns).

chaosape the Conjurer (Gnoll Wanderer)               Turns: 755, Time: 00:02:14

Health: -1/23      AC:  2    Str: 12    XL:     2   Next: 70%
Magic:  7/7        EV: 11    Int: 11    God:
Gold:   0          SH:  0    Dex: 10    Spells: 10/10 levels left

rFire    . . .     SeeInvis .   k - +0 short sword (venom)
rCold    . . .     Faith    .   (no shield)
rNeg     . . .     Spirit   .   b - +0 robe
rPois    .         Reflect  .   (no helmet)
rElec    .         Harm     .   (no cloak)
rCorr    .         Rampage  .   (no gloves)
Will     .....                  (no boots)
Stlth    ++........             i - amulet of the acrobat
HPRegen  0.07/turn              (no ring)
MPRegen  0.10/turn              (no ring)

@: no status effects
A: fangs 1, strong nose, distributed training
a: no special abilities


You were on level 1 of the Dungeon.
You visited 1 branch of the dungeon, and saw 1 of its levels.

Inventory:

Hand Weapons
 a - a +0 club
 d - a +0 mace
 k - a +0 short sword of venom (weapon)
Missiles
 g - 19 stones (quivered)
 h - 7 datura-tipped darts
Armour
 b - a +0 robe (worn)
Magical Staves
 f - a staff of air
Jewellery
 i - an amulet of the acrobat (around neck)
Scrolls
 e - a scroll of immolation {unknown}
Potions
 c - a potion of curing
 j - a potion of magic {unknown}


   Skills:
 + Level 2.5 Fighting
 + Level 0.5 Short Blades
 + Level 0.5 Long Blades
 + Level 0.5 Axes
 + Level 2.5 Maces & Flails
 + Level 0.5 Polearms
 + Level 0.5 Staves
 + Level 0.5 Slings
 + Level 0.5 Bows
 + Level 0.5 Crossbows
 + Level 0.5 Throwing
 + Level 2.5 Armour
 + Level 0.5 Dodging
 + Level 2.3 Stealth
 + Level 0.5 Shields
 + Level 0.5 Unarmed Combat
 + Level 4.9 Spellcasting
 + Level 5.3 Conjurations
 + Level 0.3 Hexes
 + Level 0.3 Summonings
 + Level 0.3 Necromancy
 + Level 0.3 Translocations
 + Level 0.3 Transmutations
 + Level 0.3 Fire Magic
 + Level 0.3 Ice Magic
 + Level 0.3 Air Magic
 + Level 0.3 Earth Magic
 + Level 0.3 Poison Magic
 + Level 0.6 Invocations
 + Level 2.5 Evocations


You had 10 spell levels left.
You didn't know any spells.
Your spell library contained the following spells:

 Spells                   Type           Power      Damage    Failure   Level
 Magic Dart               Conj           56%        1d5       2%          1
 Shock                    Conj/Air       36%        1d5       7%          1
 Conjure Flame            Conj/Fire      9%         6-21      21%         3
 Stone Arrow              Conj/Erth      18%        3d8       21%         3
 Blink                    Tloc           N/A        N/A       28%         2
 Call Imp                 Summ           3%         N/A       28%         2
 Slow                     Hex            3%         N/A       28%         2
 Mephitic Cloud           Conj/Pois/Air  7%         N/A       28%         3


Dungeon Overview and Level Annotations

Branches:
Dungeon (1/15)

Altars:


Innate Abilities, Weirdness & Mutations

You have very sharp teeth.
Your uncanny sense of smell can sniff out nearby items.
Your experience applies equally to all skills.


Message History

The rat misses you. The hobgoblin completely misses you.
You hit the hobgoblin.
The hobgoblin is poisoned.
Your bite misses the hobgoblin.
The hobgoblin is lightly wounded.
The rat bites you but does no damage. The hobgoblin barely misses you.
The rat barely misses you.
You hit the hobgoblin but do no damage.
The hobgoblin looks as sick as possible!
The hobgoblin is heavily wounded.
You kill the hobgoblin!
The rat barely misses you.
You completely miss the endoplasm. The endoplasm hits you.
You hit the hobgoblin.
The hobgoblin is poisoned.
The hobgoblin is heavily wounded.
The endoplasm freezes you.
You are frozen.
The hobgoblin hits you. The rat closely misses you.
You are too injured to fight recklessly!
You are too injured to fight recklessly!
You are too injured to fight recklessly!
Unknown command.
You kill the hobgoblin!
The rat closely misses you. The rat completely misses you.
The endoplasm hits you. The rat completely misses you.
The endoplasm freezes you.
You are frozen.
The endoplasm hits you.
* * * LOW HITPOINT WARNING * * *
The rat completely misses you. The endoplasm misses you.
The endoplasm barely misses you. The rat closely misses you.
The endoplasm freezes you.
You are frozen.
* * * LOW HITPOINT WARNING * * *
You hit the rat.
The rat is poisoned.
The rat is heavily wounded.
You kill the rat!
The endoplasm freezes you.
You are frozen.
You die...

....####...........†..........g.
...## ##.......................
..#####..#####.....#######.##^#
.....##.## ####.......##.##.###
.....##.# ###.###.#........
.....#..# ##........##...#
#.##.#.## ##r..............
...#.#.# ###J.#####.........
._.....# ##.@†## #.........
...#.### #####..### #........#
#.##..####.....## #........#
...........##### #........#
.....####### #........# ###..#
#.......†#
##...###################.........
##...............................
.....###########.....#.....######


You could see an endoplasm and a rat.

Vanquished Creatures
  2 dart slugs (D:1)
  A bat (D:1)
  A goblin (D:1)
  3 hobgoblins (D:1)
  A frilled lizard (D:1)
  3 kobolds (D:1)
  5 rats (D:1)
16 creatures vanquished.

Notes
Turn   | Place    | Note
-------+----------+-------------------------------------------
     0 | D:1      | chaosape the Gnoll Wanderer began the quest for the Orb.
     0 | D:1      | chaosape set off with the following items: a +0 club, a +0
                  | robe, a potion of curing; and the following spells
                  | available to memorise: Magic Dart, Shock, Conjure Flame,
                  | Stone Arrow, Blink, Call Imp, Slow, Mephitic Cloud
     0 | D:1      | Reached XP level 1. HP: 17/17 MP: 6/6
   268 | D:1      | Reached XP level 2. HP: 23/23 MP: 7/7
   280 | D:1      | Found a faded altar of an unknown god.
   755 | D:1      | Frozen to death by an endoplasm

Illustrated notes

Levels and vault maps discovered:
D:1:      kilobyte_arrival_exit_the_forest, layout_rooms,
          ebering_ecumenical_altar_box

Action                   || total
-------------------------++-------
Melee: Club              ||    12
       Mace              ||    16
       Bite              ||     4
       Short sword       ||    11
 Stab: Sleeping          ||     1
Armor: Robe              ||     9
Dodge: Dodged            ||    45
